 Dungeon Sprint DCSS version 0.25.1-2-g60ff931df9 (webtiles) character file.

Game seed: 16201632459255516262

7303 Cadaver the Thaumaturge (level 10, -3/84 HPs)
             Began as a Black Draconian Fire Elementalist on Nov 6, 2020.
             Was the Champion of Vehumet.
             Killed from afar by a hell hog (32 damage)
             ... with a fireball
             ... in the Dungeon (Sprint VII: "The Pits").
             The game lasted 00:33:06 (4252 turns).

Cadaver the Thaumaturge (DrFE)                      Turns: 4252, Time: 00:33:07

Health: -3/84      AC:  8    Str: 14    XL:     10   Next: 90%
Magic:  11/26      EV: 16    Int: 19    God:    Vehumet [******]
Gold:   18         SH:  0    Dex: 14    Spells: 2/33 levels left

rFire    . . .     SeeInvis .   q - +3 quarterstaff (speed)
rCold    . . .     Gourm    .   (shield currently unavailable)
rNeg     . . .     Faith    .   (armour unavailable)
rPois    .         Spirit   .   (helmet restricted)
rElec    +         Reflect  .   v - +0 cloak
rCorr    .         Harm     .   (no gloves)
MR       .....     NoTele   +   (no boots)
Stlth    +++.......             (no amulet)
HPRegen  0.24/turn              g - +3 ring of strength
MPRegen  0.20/turn              u - +3 ring of dexterity

@: no status effects
A: breathe lightning, unfitting armour, electricity resistance, cold-blooded, AC
+7
a: Breathe Lightning, Renounce Religion


You were in the Dungeon.
You worshipped Vehumet.
Vehumet was exalted by your worship.
You were near starving.

You visited 1 branch You collected 18 gold pieces.

Inventory:

Hand Weapons
 a - a +2 quarterstaff
 p - the +2 scimitar of Precise Incision {pain, rC+ Str+4 Dex+2}
   (You found it in the Dungeon)

   In the hands of one skilled in necromantic magic, it inflicts extra damage on
   living creatures.
   It affects your strength (+4).
   It affects your dexterity (+2).
   It protects you from cold.
 q - a +3 quarterstaff of speed (weapon)
Missiles
 n - 14 stones (quivered)
Armour
 v - a +0 cloak (worn)
Magical Staves
 o - an uncursed staff of energy
Jewellery
 g - a +3 ring of strength (left hand)
 u - a +3 ring of dexterity (right hand)
Scrolls
 j - 3 scrolls of remove curse
 k - 5 scrolls of amnesia
 l - a scroll of summoning
 m - 2 scrolls of vulnerability
Potions
 c - 3 potions of curing
 d - 11 potions of heal wounds
 e - a potion of haste
 f - 3 potions of magic
 i - a potion of invisibility
 r - 2 potions of brilliance
 s - a potion of resistance
Comestibles
 b - 6 rations


   Skills:
 + Level 6.9 Fighting
 + Level 8.8 Staves
 + Level 7.1 Dodging
 + Level 5.2 Stealth
 + Level 12.2 Spellcasting
 + Level 11.6 Conjurations
 + Level 11.4 Fire Magic
 * Level 10.8 Air Magic


You had 2 spell levels left.
You knew the following spells:

 Your Spells              Type           Power        Failure   Level  Hunger
a - Foxfire               Conj/Fire      ####         1%          1    None
b - Shock                 Conj/Air       ####         1%          1    None
c - Conjure Flame         Conj/Fire      ######..     1%          3    None
d - Sticky Flame          Conj/Fire      ######..     1%          4    #......
e - Fireball              Conj/Fire      ######....   1%          5    ####...
f - Conjure Ball Lightni  Conj/Air       ######....   2%          6    ######.
g - Bolt of Magma         Conj/Fire/Erth #####.....   1%          5    ####...
h - Freezing Cloud        Conj/Ice/Air   #####.....   11%         6    ######.

Your spell library contained the following spells:

 Spells                   Type           Power        Failure   Level  Hunger
 Inner Flame              Hex/Fire       ####....     1%          3    None


Dungeon Overview and Level Annotations

Branches:
Dungeon (1/1)

Altars:
Ashenzari
Cheibriados
Dithmenos
Elyvilon
Fedhas
Gozag
Hepliaklqana
Kikubaaqudgha
Makhleb
Nemelex Xobeh
Okawaru
Qazlal
Ru
Sif Muna
Trog
Uskayaw
Vehumet
Wu Jian
Xom
Yredelemnul
Zin
The Shining One
Beogh
Jiyva
Lugonu


Innate Abilities, Weirdness & Mutations

You can breathe wild blasts of lightning.
Your glossy black scales are hard. (AC +7)
You cannot fit into any form of body armour.
You are resistant to electric shocks. (rElec)
You are cold-blooded and may be slowed by cold attacks.


Message History

Casting: Conjure Ball Lightning (dangerous; 2% risk of failure)
Confirm with . or Enter, or press ? or * to list all spells.
Aiming: Shock (safe; 1% risk of failure)
Press: ? - help, Shift-Dir - straight line, f/p - phantasmal warrior
Aim: a phantasmal warrior (almost destroyed)
The zap hits the hell hog.
The hell hog is lightly wounded.
The zap hits the phantasmal warrior.
You destroy the phantasmal warrior!
Vehumet accepts your kill.
You feel your power returning.
Casting: Shock (safe; 1% risk of failure)
Confirm with . or Enter, or press ? or * to list all spells.
You create some ball lightning!
You are near starving! 2 ball lightnings come into view.
The hell hog breathes fire at you.
The fireball explodes!
The fireball engulfs the hell hog.
The hell hog resists.
The fireball engulfs you!!
You die...

####.##................+
....))'...)[...........+
#'#####......#..#......#
..#[[##................#
..#.)#####'#####''######
###))##.......##''############
..#))##...)...##......'..'...###
..#..##.......##).....'..'.....#
..#'###...<...##@*...##..##.....#
.....##.......##h.*###....###....
.....##.......##..##........###.#
#######.......##''#...#..#...#...
..#..###########..h..............
..#)############''#...#..#...#...
..#.#....#..[[##).##........###.#
#.#)#....#..[[##...###....###....
..#.'....'..))##..[).##..##.....#


You could see 2 hell hogs and 2 friendly ball lightnings.

Vanquished Creatures
  2 hell hogs (D)
  2 sea snakes (D)
  A phantasmal warrior (D)
  A deep elf mage (D)
  An orc knight (D)
  Maurice (D)
  An orange demon (D)
  A rime drake (D)
  A gargoyle (D)
  2 tyrant leeches (D)
  A hippogriff (D)
  A wraith (D)
  A shadow (D)
  2 hungry ghosts (D)
  4 vampire mosquitoes (D)
  A warg (D)
  A water moccasin (D)
  A swamp drake (D)
  A black bear (D)
  A wolf (D)
  A big kobold (D)
  A jelly (D)
  6 orc priests (D)
  2 orc wizards (D)
  Terence (D)
  A hell rat (D)
  A worker ant (D)
  A gnoll (D)
  An adder zombie (D)
  A leopard gecko (D)
  9 orcs (D)
  A bat zombie (D)
  A giant cockroach (D)
  2 jackals (D)
  4 quokkas (D)
  A ball python (D)
  A frilled lizard (D)
  A jackal skeleton (D)
  A rat (D)
64 creatures vanquished.

Vanquished Creatures (others)
  14 ball lightnings (D)
  123 foxfires (D)
137 creatures vanquished.

Grand Total: 201 creatures vanquished

Notes
Turn   | Place    | Note
-------+----------+-------------------------------------------
     0 | D        | Cadaver the Draconian Fire Elementalist began the quest for
                  | the Orb.
     0 | D        | Reached XP level 1. HP: 14/14 MP: 3/3
    65 | D        | Found a glowing golden altar of the Shining One.
    65 | D        | Found a glowing silver altar of Zin.
    65 | D        | Found a basalt altar of Yredelemnul.
    65 | D        | Found a shimmering altar of Xom.
    65 | D        | Found an ornate altar of the Wu Jian Council.
    65 | D        | Found a bloodstained altar of Trog.
    65 | D        | Found a shimmering blue altar of Sif Muna.
    65 | D        | Found a sacrificial altar of Ru.
    65 | D        | Found a stormy altar of Qazlal.
    65 | D        | Found an iron altar of Okawaru.
    65 | D        | Found a sparkling altar of Nemelex Xobeh.
    65 | D        | Found a burning altar of Makhleb.
    65 | D        | Found a viscous altar of Jiyva.
    65 | D        | Found a hazy altar of Hepliaklqana.
    65 | D        | Found an opulent altar of Gozag.
    65 | D        | Found a blossoming altar of Fedhas.
    65 | D        | Found a white marble altar of Elyvilon.
    65 | D        | Found a shadowy altar of Dithmenos.
    65 | D        | Found a snail-covered altar of Cheibriados.
    66 | D        | Found a radiant altar of Vehumet.
    66 | D        | Found a corrupted altar of Lugonu.
    66 | D        | Found a roughly hewn altar of Beogh.
    67 | D        | Found an ancient bone altar of Kikubaaqudgha.
    67 | D        | Found a hide-covered altar of Uskayaw.
    67 | D        | Found a shattered altar of Ashenzari.
    74 | D        | Became a worshipper of Vehumet
    91 | D        | Noticed a worker ant
   103 | D        | Killed a worker ant
   103 | D        | Reached skill level 3 in Spellcasting
   103 | D        | Reached XP level 2. HP: 20/20 MP: 0/6
   147 | D        | Reached * piety under Vehumet
   147 | D        | Offered knowledge of Shock by Vehumet.
   147 | D        | Reached skill level 5 in Fire Magic
   155 | D        | Reached XP level 3. HP: 22/26 MP: 4/7
   163 | D        | Learned a level 1 spell: Shock
   167 | D        | Learned a level 3 spell: Conjure Flame
   205 | D        | Offered knowledge of Searing Ray by Vehumet.
   205 | D        | Reached ** piety under Vehumet
   257 | D        | Noticed a black bear
   278 | D        | Killed a black bear
   278 | D        | Reached *** piety under Vehumet
   278 | D        | Reached skill level 1 in Staves
   278 | D        | Reached skill level 4 in Spellcasting
   278 | D        | Reached XP level 4. HP: 33/33 MP: 4/10
   288 | D        | Learned a level 4 spell: Sticky Flame
   333 | D        | Noticed Terence
   359 | D        | Killed Terence
   359 | D        | Reached XP level 5. HP: 39/39 MP: 10/12
   456 | D        | Offered knowledge of Frozen Ramparts by Vehumet.
   489 | D        | Reached **** piety under Vehumet
   492 | D        | Reached skill level 5 in Spellcasting
   498 | D        | Reached skill level 1 in Fighting
   624 | D        | Offered knowledge of Dazzling Flash by Vehumet.
   624 | D        | Reached skill level 1 in Air Magic
   627 | D        | Reached ***** piety under Vehumet
   641 | D        | Reached XP level 6. HP: 22/48 MP: 2/14
   787 | D        | Learned a level 5 spell: Fireball
   809 | D        | Offered knowledge of Ignite Poison by Vehumet.
   831 | D        | Noticed a shadow
   840 | D        | Killed a shadow
   840 | D        | Reached skill level 5 in Staves
   840 | D        | Reached skill level 6 in Spellcasting
   840 | D        | Reached skill level 5 in Conjurations
   930 | D        | Noticed a water moccasin
   934 | D        | Offered knowledge of Olgreb's Toxic Radiance by Vehumet.
   938 | D        | Killed a water moccasin
   938 | D        | Your scales start taking on a glossy black colour.
   938 | D        | Reached XP level 7. HP: 30/57 MP: 11/17
   938 | D        | Gained mutation: You are resistant to electric shocks.
                  | (rElec) [Black Draconian growth]
   942 | D        | Reached skill level 7 in Spellcasting
  1091 | D        | Noticed a rime drake
  1092 | D        | Noticed a hippogriff
  1115 | D        | Killed a hippogriff
  1115 | D        | Reached skill level 5 in Air Magic
  1117 | D        | Killed a rime drake
  1117 | D        | Reached skill level 8 in Spellcasting
  1117 | D        | Reached XP level 8. HP: 43/66 MP: 14/20
  1124 | D        | Reached skill level 5 in Dodging
  1339 | D        | Got the +2 scimitar of Precise Incision {pain, rC+ Str+4
                  | Dex+2}
  1394 | D        | Noticed a sea snake
  1420 | D        | Killed a sea snake
  1420 | D        | Reached skill level 9 in Spellcasting
  1441 | D        | HP: 3/67 [poisoned by a sea snake]
  1446 | D        | HP: 2/67 [poisoned by a sea snake]
  1451 | D        | HP: 1/67 [poisoned by a sea snake]
  1737 | D        | Offered knowledge of Conjure Ball Lightning by Vehumet.
  1737 | D        | Reached skill level 5 in Fighting
  1745 | D        | Learned a level 6 spell: Conjure Ball Lightning
  1757 | D        | Noticed Maurice
  1791 | D        | Killed Maurice
  1791 | D        | Reached XP level 9. HP: 74/74 MP: 19/22
  1930 | D        | Noticed an orc knight
  1987 | D        | Killed an orc knight
  2040 | D        | Reached skill level 10 in Spellcasting
  2315 | D        | Noticed a gargoyle
  2371 | D        | Noticed a sea snake
  2407 | D        | Killed a sea snake
  2407 | D        | Reached skill level 10 in Fire Magic
  2668 | D        | Killed a gargoyle
  2668 | D        | Reached skill level 5 in Stealth
  2718 | D        | Noticed a tyrant leech
  3135 | D        | Reached skill level 10 in Conjurations
  3152 | D        | Noticed a deep elf mage
  3156 | D        | Killed a tyrant leech
  3156 | D        | Reached ****** piety under Vehumet
  3156 | D        | Reached skill level 11 in Spellcasting
  3156 | D        | Reached XP level 10. HP: 78/83 MP: 17/25
  3513 | D        | Offered knowledge of Bolt of Magma by Vehumet.
  3520 | D        | Learned a level 5 spell: Bolt of Magma
  3539 | D        | Noticed an orange demon
  3708 | D        | Killed an orange demon
  3775 | D        | Killed a deep elf mage
  4039 | D        | Offered knowledge of Freezing Cloud by Vehumet.
  4056 | D        | Learned a level 6 spell: Freezing Cloud
  4169 | D        | Reached skill level 10 in Air Magic
  4188 | D        | Noticed a hell hog
  4191 | D        | Noticed a hell hog
  4194 | D        | Killed a hell hog
  4241 | D        | Noticed a phantasmal warrior
  4243 | D        | Noticed a hell hog
  4244 | D        | Noticed a hell hog
  4250 | D        | Killed a hell hog
  4250 | D        | Reached skill level 12 in Spellcasting
  4251 | D        | Killed a phantasmal warrior
  4252 | D        | Killed from afar by a hell hog

Illustrated notes

Levels and vault maps discovered:
D:        pitsprint [storerooms_1, entrance_room_1, metal_vault_4, armoury_2,
          mini_pit_1, grid_room_1, main_hall_1, silver_pit, the_coven_1,
          the_vestibule_1, steel_vault_3, golden_pit, hallway_of_sentries,
          crystal_vault_5, iron_vault_5, final_vault]

Skill      XL: |  1  2  3  4  5  6  7  8  9 10 |
---------------+-------------------------------+-----
Dodging        | 2 3 4 5 6 7 |  7.1
Stealth        | 2 3 4 5 |  5.2
Spellcasting   | 3 4 5 6 8 9 11 12 | 12.2
Fire Magic     | 4 5 6 7 8 9 10 11 | 11.4
Staves         | 1 2 4 5 6 7 8 |  8.8
Conjurations   | 2 3 4 5 7 8 10 11 | 11.6
Fighting       | 1 3 4 5 6 |  6.9
Air Magic      | 1 4 5 6 8 10 | 10.8

Action                   |  1- 3 |  4- 6 |  7- 9 | 10-12 || total
-------------------------+-------+-------+-------+-------++-------
Melee: Quarterstaff      |    10 |    29 |    39 |    10 ||    88
       Unarmed           |     2 |       |       |       ||     2
       Tailslap          |     1 |     5 |     6 |     2 ||    14
 Cast: Foxfire           |    15 |     3 |    32 |    26 ||    76
       Shock             |     3 |    36 |    36 |     7 ||    82
       Sticky Flame      |       |     3 |    13 |     6 ||    22
       Conjure Flame     |       |       |     9 |       ||     9
       Fireball          |       |       |     4 |     2 ||     6
       Conjure Ball Ligh |       |       |     3 |     5 ||     8
 Abil: Breathe Lightning |       |       |     2 |       ||     2
  Use: Potion            |     1 |     2 |     8 |       ||    11
       Scroll            |       |       |     1 |       ||     1
  Eat: Chunk             |       |     1 |     2 |     2 ||     5
       Ration            |       |       |     2 |     1 ||     3
Armor: Skin              |     8 |     4 |     5 |     6 ||    23
Dodge: Dodged            |    12 |    23 |    37 |    28 ||   100
